 Dungeon Crawl Stone Soup version 0.31-a0-437-g7cee417757 (webtiles) character file.

Game seed: 12395230585847246710

17 Ethylacetat the Insei (level 2, -3/16 HPs)
             Began as a Vine Stalker Monk on Aug 2, 2023.
             Slain by Sigmund
             ... wielding a +0 heavy scythe
              (19 damage)
             ... on level 2 of the Dungeon.
             The game lasted 00:00:28 (467 turns).

Ethylacetat the Insei (Vine Stalker Monk)            Turns: 467, Time: 00:00:28

Health: -3/16      AC:  0    Str: 13    XL:     2   Next: 62%
Magic:  0/3        EV: 15    Int: 10    God:
Gold:   33         SH:  0    Dex: 16    Spells: 1/1 levels left

rFire   . .          .
                       - Unarmed
rCold   . . .        c - melded orb {light}
rNeg    . . .        a - melded +0 robe
rPois   .            (helmet currently unavailable)
rElec   .            (cloak currently unavailable)
rCorr   .            (gloves currently unavailable)
SInv    .            (boots currently unavailable)
Will    .....        (no amulet)
Stlth   +            (ring currently unavailable)
HPRegen 0.22/turn    (ring currently unavailable)
MPRegen 0.08/turn

%: guardian spirit
@: pig-form, very quick
A: fast, no casting, small, (fangs 2), magic shield, (antimagic bite), no potion
heal 2
a: no special abilities


You were on level 2 of the Dungeon.
You were a filthy swine.
You visited 1 branch of the dungeon, and saw 2 of its levels.

You collected 33 gold pieces.

Inventory:

Armour
 a - a +0 robe (melded)
 c - an orb of light (melded)
Jewellery
 e - an amulet of magic regeneration
 g - a ring of magical power
Scrolls
 d - a scroll of teleportation {unknown}
 h - a scroll of identify {unknown}
Potions
 b - a potion of ambrosia
 f - a potion of berserk rage {unknown}
 i - 2 potions of magic {unknown}


   Skills:
 + Level 3.0 Fighting
 + Level 2.6 Dodging
 + Level 3.3 Unarmed Combat


You had one spell level left.
You didn't know any spells.
Your spell library was empty.

Dungeon Overview and Level Annotations

Branches:
Dungeon (2/15)

Altars:

Annotations:
D:2 Sigmund


Innate Abilities, Weirdness & Mutations

You are a filthy swine.
You move quickly.
Your equipment is almost entirely melded.
You are incapable of wielding weapons or throwing items.
You cannot cast spells.
((You have extremely sharp teeth.))
When hurt, damage is shared between your health and your magic reserves.
((Your bite disrupts and absorbs the magic of your enemies.))
Potions cannot restore your health.


Message History

You open the door.
Key pressed, stopping explore.
No target in view!
Done exploring.
No target in view!
Done exploring.
No target in view!
Done exploring.
No target in view!
Done exploring.
No target in view!
Done exploring.
You see here a frilled lizard corpse.
There is an open door here.
There is an escape hatch in the floor here.
You slide downwards.
The hatch slams shut behind you.
Sigmund shouts!
Found a dark potion.
Sigmund is nearby!
You hit Sigmund.
Sigmund is lightly wounded.
You hit Sigmund. You bite Sigmund, but do no damage.
Sigmund is moderately wounded.
Sigmund closely misses you.
You hit Sigmund.
Sigmund is heavily wounded.
A rat comes into view.
You hit Sigmund.
Sigmund is heavily wounded.
A frilled lizard comes into view.
Sigmund zaps a wand.
You turn into a filthy swine.
Your orb of light melds into your body.
Your +0 robe melds into your body.
You barely miss Sigmund.
Sigmund is heavily wounded.
Sigmund mumbles some strange words.
Sigmund flickers and vanishes!
Deactivating autopickup; reactivate with Ctrl-A.
Something hits you!!
Ouch! That really hurt!
You die...

#.# #.#
#.# #r#
#!####
#....
#.{####
#.hl..#
#.###.#
#.# #.#
#.# #.#
#.# #.#


You could see a frilled lizard and a rat.

Vanquished Creatures
  A dart slug (D:1)
  2 endoplasms (D:1)
  2 goblins (D:1)
  A kobold (D:1)
  3 quokkas (D:1)
  4 bats (D:1)
  A frilled lizard (D:1)
14 creatures vanquished.

Notes
Turn   | Place    | Note
-------+----------+-------------------------------------------
     0 | D:1      | Ethylacetat the Vine Stalker Monk began the quest for the
                  | Orb.
     0 | D:1      | Reached XP level 1. HP: 11/11 MP: 2/2
   118 | D:1      | Reached XP level 2. HP: 16/16 MP: 1/3
   461 | D:2      | Noticed Sigmund
   467 | D:2      | Slain by Sigmund

Illustrated notes

Levels and vault maps discovered:
D:1:      minmay_arrival_four_houses, layout_rooms
D:2:      layout_rooms, hellmonk_ecumenical_altar_arch_garden,
          supply_closet_lemuel, uniq_sigmund

Skill      XL: |  1  2 |
---------------+-------+-----
Fighting       | 3 |  3.0
Dodging        | |  2.6
Unarmed Combat | |  3.3

Action                     || total
---------------------------++-------
  Melee: Unarmed           ||    41
         Bite              ||    14
 Armour: Robe              ||     4
  Dodge: Dodged            ||    28

Table legend: (Time is in decaauts)
 A = Elapsed time spent in this place.
 B = Non-inter-level travel time spent in this place.
 C = Inter-level travel time spent in this place.
 D = Time resting spent in this place.
 E = Time spent auto-exploring this place.
 F = Levels seen in this place.
 G = Mean time per level.
                   A        B        C        D        E       F      G
               +--------+--------+--------+--------+--------+-----+--------+
         Total |    463 |    445 |     18 |      0 |    357 |   2 |  231.5 |
       Dungeon |    463 |    445 |     18 |      0 |    357 |   2 |  231.5 |
               +--------+--------+--------+--------+--------+-----+--------+

Top non-repeatable levels by time:
     D:1: 458 daAuts
     D:2: 5 daAuts
